 Dungeon Crawl Stone Soup version 0.19.1-1-g22dce08 (webtiles) character file.

364 theAP the Slasher (level 6, 0/56 HPs)
             Began as a Hill Orc Fighter on Jan 13, 2017.
             Was an Initiate of Beogh.
             Slain by an iguana (6 damage)
             ... on level 5 of the Dungeon.
             The game lasted 00:06:04 (2876 turns).

theAP the Slasher (Hill Orc Fighter)                Turns: 2876, Time: 00:06:05

Health: 0/56       AC: 10    Str: 21    XL:     6   Next: 67%
Magic:  6/6        EV:  5    Int:  8    God:    Beogh [......]
Gold:   299        SH:  9    Dex: 10    Spells: 0 memorised, 5 levels left

rFire  . . .     SeeInvis .     a - +0 long sword
rCold  . . .     Gourm    .     o - +0 chain mail
rNeg   + . .     Faith    .     c - +0 shield
rPois  .         Spirit   .     q - +0 helmet
rElec  .         Reflect  .     (no cloak)
rCorr  .         Harm     .     (no gloves)
MR     .....                    (no boots)
Stlth  ..........               (no amulet)
                                p - ring of stealth
                                n - ring of positive energy

@: no status effects
A: no striking features
a: Renounce Religion


You were on level 5 of the Dungeon.
You worshipped Beogh.
Beogh was noncommittal.
You were not hungry.

You visited 1 branch of the dungeon, and saw 5 of its levels.

You collected 299 gold pieces.

Inventory:

Hand Weapons
 a - a +0 long sword (weapon)
Armour
 b - a +0 scale mail
 c - a +0 shield (worn)
 o - a +0 chain mail (worn)
 q - a +0 helmet (worn)
Jewellery
 n - a ring of positive energy (left hand)
 p - a ring of stealth (right hand)
Scrolls
 e - 3 scrolls of identify
 g - 2 scrolls of recharging
 j - 4 scrolls of remove curse
 k - a scroll of fog
Potions
 d - a potion of might
 l - a potion of cancellation
 r - 2 potions of heal wounds
 s - a potion of curing {unknown}
Comestibles
 f - 3 bread rations
 h - a beef jerky
 i - a meat ration
 m - a royal jelly


   Skills:
 + Level 5.6 Fighting
 * Level 6.2 Long Blades
 - Level 3.5 Armour
 - Level 3.4 Shields


You had 5 spell levels left.
You didn't know any spells.

Dungeon Overview and Level Annotations

Branches:
Dungeon (5/15)
 Temple: D:4-7

Altars:
Qazlal
Ru
Trog
Vehumet
Yredelemnul
Zin


Message History

You are too injured to fight recklessly!
You are too injured to fight recklessly!
Your chain mail prevents you from hitting the ogre.
The ogre is almost dead.
You block the ogre's attack.
The iguana hisses menacingly.
You slash the ogre!
You kill the ogre!
Beogh accepts your kill.
Your Long Blades skill increases to level 6!
You hit the iguana.
The iguana is moderately wounded.
You block the iguana's attack.
You slash the iguana!
The iguana is severely wounded.
You block the iguana's attack.
You completely miss the iguana.
The iguana is severely wounded.
The iguana bites you.
You die...

#..#.#.####.#.#....###.#
#..#.#.# #.#.###....#.#
#..#.#.# #.#.#
####.#.###.## ...#.#.#
#.#.######.#.......
##...#.#
#................#
......
#.#.######.####### .
##....#.###....# .
..........+....# .
.#######..#@# #....# .
..........#l# #....# .
............###....# #
......##.#.(....######
....<.................
......##.#......######
..... #.#......# ##.#
#.#......# #.#......#


You could see an iguana.

Vanquished Creatures
  An ogre (D:5)
  An orc wizard (D:4)
  A worker ant (D:4)
  2 hound skeletons (D:4)
  3 gnolls (D:3)
  4 adders
  3 oozes
  3 worms
  3 dart slugs (D:1)
  6 leopard geckos
  7 orcs
  8 giant cockroaches
  7 goblins
  5 hobgoblins
  13 jackals
  3 quokkas
  A ball python (D:3)
  6 bats
  6 frilled lizards
  3 kobolds
  10 rats
96 creatures vanquished.

Vanquished Creatures (others)
  2 orc priests (D:4)
  An orc wizard (D:4)
  An adder (D:4)
  5 orcs (D:4)
9 creatures vanquished.

Grand Total: 105 creatures vanquished

Notes
Turn   | Place    | Note
-------+----------+-------------------------------------------
     0 | D:1      | theAP the Hill Orc Fighter began the quest for the Orb.
     0 | D:1      | Reached XP level 1. HP: 19/19 MP: 1/1
    79 | D:1      | Reached XP level 2. HP: 24/27 MP: 2/2
   246 | D:1      | Reached XP level 3. HP: 33/33 MP: 3/3
   366 | D:1      | Reached skill level 3 in Long Blades
   830 | D:2      | Found a sacrificial altar of Ru.
   837 | D:2      | Reached XP level 4. HP: 36/40 MP: 4/4
   840 | D:2      | Found a glowing silver altar of Zin.
   853 | D:2      | Found a basalt altar of Yredelemnul.
   858 | D:2      | Found a bloodstained altar of Trog.
  1250 | D:2      | Reached skill level 4 in Long Blades
  1317 | D:2      | Found a stormy altar of Qazlal.
  1317 | D:2      | Found a radiant altar of Vehumet.
  1726 | D:3      | Reached XP level 5. HP: 37/47 MP: 5/5
  2162 | D:4      | Reached skill level 5 in Fighting
  2162 | D:4      | Reached skill level 5 in Long Blades
  2300 | D:4      | Became a worshipper of Beogh the Brigand
  2546 | D:4      | Reached XP level 6. HP: 55/56 MP: 6/6
  2787 | D:5      | Entered Level 5 of the Dungeon
  2873 | D:5      | Reached skill level 6 in Long Blades
  2876 | D:5      | Slain by an iguana

Skill      XL: |  1  2  3  4  5  6 |
---------------+-------------------+-----
Fighting       | 4 5 |  5.6
Long Blades    | 3 4 5 6 |  6.2
Armour         | |  3.5
Shields        | |  3.4

Action                   |  1- 3 |  4- 6 || total
-------------------------+-------+-------++-------
Melee: Long sword        |   134 |   251 ||   385
Invok: Convert to Beogh  |       |     1 ||     1
  Use: Scroll            |       |    10 ||    10
  Eat: Chunk             |       |     7 ||     7
Armor: Scale mail        |    59 |    22 ||    81
       Chain mail        |       |   148 ||   148
Dodge: Dodged            |    49 |    57 ||   106
Block: Shield            |    71 |   143 ||   214
       Rpst.: Long sword |    18 |    22 ||    40
